 Dungeon Crawl Stone Soup version 0.26-a0-597-gb535b0901c (webtiles) character file.

Game seed: 4722481612457205320

16 Lanoc the Grasshopper (level 2, 0/25 HPs)
             Began as a Palentonga Warper on Sept 12, 2020.
             Slain by a worm (1 damage)
             ... on level 2 of the Dungeon.
             The game lasted 00:01:08 (654 turns).

Lanoc the Grasshopper (Palentonga Warper)            Turns: 654, Time: 00:01:08

Health: 0/25       AC:  4    Str: 14    XL:     2   Next: 37%
Magic:  5/5        EV:  9    Int: 13    God:
Gold:   41         SH:  0    Dex:  9    Spells: 5/5 levels left

rFire    . . .     SeeInvis +   a - +0 falchion
rCold    . . .     Faith    .   (no shield)
rNeg     . . .     Spirit   .   b - +0 leather armour
rPois    .         Reflect  .   (no helmet)
rElec    .         Harm     .   (no cloak)
rCorr    .                      (no gloves)
MR       .....                  (no barding)
Stlth    +.........             (no amulet)
HPRegen  0.08/turn              (no ring)
MPRegen  0.09/turn              (no ring)

@: no status effects
A: large, rugged brown scales 3, see invisible, deformed body, roll, armoured
tail
a: Rolling Charge


You were on level 2 of the Dungeon.
You visited 1 branch of the dungeon, and saw 2 of its levels.

You collected 41 gold pieces.

Inventory:

Hand Weapons
 a - a +0 falchion (weapon)
Missiles
 e - 5 boomerangs of dispersal (quivered)
Armour
 b - a +0 leather armour (worn)
Scrolls
 d - a scroll of blinking
 f - a scroll of identify {unknown}
 h - 3 scrolls of enchant weapon {unknown}
Potions
 c - a potion of curing {unknown}
 g - 2 potions of lignification {unknown}


   Skills:
 + Level 2.2 Fighting
 + Level 2.2 Long Blades
 - Level 0.8 Throwing
 + Level 1.1 Armour
 + Level 1.8 Dodging
 - Level 2.1 Spellcasting
   Level 3.0 Translocations


You had 5 spell levels left.
You didn't know any spells.
Your spell library contained the following spells:

 Spells                   Type           Power        Failure   Level
 Blink                    Tloc           N/A          14%         2
 Gell's Gravitas          Tloc           #.........   26%         3
 Lesser Beckoning         Tloc           #.........   26%         3
 Teleport Other           Tloc           #.......     26%         3
 Passage of Golubria      Tloc           N/A          65%         4


Dungeon Overview and Level Annotations

Branches:
Dungeon (2/15)

Altars:


Innate Abilities, Weirdness & Mutations

You are completely covered in rugged brown scales. (AC +3, +7% HP)
You have supernaturally acute eyesight. (SInv)
Armour fits poorly on your strangely shaped body.
You can roll at foes to attack.
You have a long armoured tail.


Message History

Found a scroll labeled QAEFFO DYDO.
A worm is nearby!
You barely miss the worm. The worm bites you!
A worm is nearby!
You are too injured to fight recklessly!
A worm is nearby!
You are too injured to fight recklessly!
You are too injured to fight recklessly!
You are too injured to fight recklessly!
A worm is nearby!
You are too injured to fight recklessly!
You hit the worm but do no damage. You hit the worm.
The worm is moderately wounded.
The worm bites you!
* * * LOW HITPOINT WARNING * * *
You hit the worm. You tail-slap the worm.
The worm is moderately wounded.
The worm bites you.
You die...

#...?..#
#......#
#......#
#......# #
#......# ..
#......## ...
#w....... ....
#@.....#
###...##......##
........$.....#
##.####.#####.#
#......#####.#
###..........#
##.#########
##############.#
...............#


You could see a worm.

Vanquished Creatures
  2 leopard geckos (D:1)
  A giant cockroach (D:1)
  3 goblins (D:1)
  3 hobgoblins (D:1)
  A bat (D:1)
  A frilled lizard (D:1)
  A rat (D:1)
12 creatures vanquished.

Notes
Turn   | Place    | Note
-------+----------+-------------------------------------------
     0 | D:1      | Lanoc the Palentonga Warper began the quest for the Orb.
     0 | D:1      | Reached XP level 1. HP: 18/18 MP: 3/3
   340 | D:1      | Reached skill level 1 in Armour
   340 | D:1      | Reached XP level 2. HP: 25/25 MP: 5/5
   653 | D:2      | HP: 1/25 [worm (8)]
   654 | D:2      | Slain by a worm

Illustrated notes

Levels and vault maps discovered:
D:1:      minmay_arrival_cross, layout_loops_corners
D:2:      minmay_recursive_quarters, layout_basic, uniq_crazy_yiuf_cottage,
          uniq_jessica

Skill      XL: |  1 |
---------------+----+-----
Armour         | 1 |  1.1
Fighting       | |  2.2
Long Blades    | |  2.2
Throwing       | |  0.8
Dodging        | |  1.8
Spellcasting   | |  2.1
Translocations | |  3.0

Action                   || total
-------------------------++-------
Melee: Falchion          ||    42
       Tailslap          ||     4
Armor: Leather armour    ||    10
Dodge: Dodged            ||    23
       Rpst.: Falchion   ||     7

Table legend: (Time is in decaauts)
 A = Elapsed time spent in this place.
 B = Non-inter-level travel time spent in this place.
 C = Inter-level travel time spent in this place.
 D = Time resting spent in this place.
 E = Time spent auto-exploring this place.
 F = Levels seen in this place.
 G = Mean time per level.
                   A        B        C        D        E       F      G
               +--------+--------+--------+--------+--------+-----+--------+
         Total |    661 |    626 |     35 |      0 |    536 |   2 |  330.5 |
       Dungeon |    661 |    626 |     35 |      0 |    536 |   2 |  330.5 |
               +--------+--------+--------+--------+--------+-----+--------+

Top non-repeatable levels by time:
     D:1: 500 daAuts
     D:2: 161 daAuts
